 Dungeon Crawl Stone Soup version 0.29.1-12-g30fa7ad0bf (webtiles) character file.

Game seed: 2579891727376628593

4 kingofthe the Caller (level 1, -1/13 HPs)
             Began as a Merfolk Summoner on Jan 14, 2023.
             Slain by a hobgoblin (3 damage)
             ... on level 1 of the Dungeon.
             The game lasted 00:00:31 (42 turns).

kingofthe the Caller (Merfolk Summoner)               Turns: 42, Time: 00:00:31

Health: -1/13      AC:  2    Str:  8    XL:     1   Next: 60%
Magic:  1/3        EV: 13    Int: 14    God:
Gold:   12         SH:  0    Dex: 14    Spells: 3/4 levels left

rFire   . . .      SeeInvis .   (no weapon)
rCold   . . .      Faith    .   (no shield)
rNeg    . . .      Spirit   .   a - +0 robe
rPois   .          Reflect  .   (no helmet)
rElec   .          Harm     .   (no cloak)
rCorr   .          Rampage  .   (no gloves)
Will    .....                   (no boots)
Stlth   ++........              (no amulet)
HPRegen 0.04/turn               (no ring)
MPRegen 0.08/turn               (no ring)

@: no status effects
A: (nimble swimmer 2), mertail
a: no special abilities


You were on level 1 of the Dungeon.
You visited 1 branch of the dungeon, and saw 1 of its levels.

You collected 12 gold pieces.

Inventory:

Armour
 a - a +0 robe (worn)
Potions
 b - a potion of magic


   Skills:
 * Level 2.9 Dodging
 * Level 2.3 Stealth
 + Level 2.0 Spellcasting
 + Level 4.0 Summonings


You had 3 spell levels left.
You knew the following spells:

 Your Spells              Type           Power      Damage    Failure   Level
a - Summon Small Mammal   Summ           48%        N/A       4%          1

Your spell library contained the following spells:

 Spells                   Type           Power      Damage    Failure   Level
 Call Imp                 Summ           12%        N/A       7%          2
 Call Canine Familiar     Summ           12%        N/A       14%         3
 Summon Guardian Golem    Hex/Summ       7%         N/A       30%         3
 Summon Lightning Spire   Summ/Air       7%         N/A       71%         4


Dungeon Overview and Level Annotations

Branches:
Dungeon (1/15)

Altars:


Innate Abilities, Weirdness & Mutations

((You are very nimble when in or above water. (Stealth+, EV+, Speed+++)))
Your lower body shifts to a powerful aquatic tail in water.


Message History

The hobgoblin closely misses you. Something closely misses your quokka.
Your rat bites the hobgoblin.
You completely miss the hobgoblin.
The hobgoblin is almost dead.
Your quokka misses the hobgoblin.
Your rat barely misses the hobgoblin.
Something closely misses your quokka. The hobgoblin closely misses your rat.
You hit the hobgoblin but do no damage.
The hobgoblin is almost dead.
Your quokka closely misses the hobgoblin.
Your rat bites the hobgoblin.
The hobgoblin dies!
Your quokka bites the hobgoblin but does no damage.
You hit the hobgoblin but do no damage.
Your quokka barely misses the hobgoblin.
The hobgoblin barely misses you.
Your rat barely misses the hobgoblin.
You hit the hobgoblin but do no damage.
Your quokka completely misses the hobgoblin.
Your rat bites the hobgoblin.
The hobgoblin hits you but does no damage.
You hit the hobgoblin but do no damage.
The hobgoblin is lightly wounded.
Your quokka barely misses the hobgoblin.
Your rat closely misses the hobgoblin.
The hobgoblin completely misses you.
You hit the hobgoblin but do no damage.
The hobgoblin is lightly wounded.
Your quokka bites the hobgoblin.
Your rat barely misses the hobgoblin.
The hobgoblin hits your quokka.
You closely miss the hobgoblin.
The hobgoblin is heavily wounded.
Your quokka bites the hobgoblin.
Your quokka closely misses the hobgoblin.
The hobgoblin hits you.
* * * LOW HITPOINT WARNING * * *
Your rat completely misses the hobgoblin.
You hit the hobgoblin but do no damage.
The hobgoblin is almost dead.
Your quokka barely misses the hobgoblin.
Your rat bites the hobgoblin but does no damage.
The hobgoblin hits you.
You die...

##### #...# #.8.# .
#...# .# ###+#####
#.#
#####....rgr###.!#
#...#....@#......#
#.<.'..8..#......#
#...#.....#r.....#.
#####.....+........
###+###..#..#.#
#...#..†..g..#
#.8.#.........
...#.........
###.......#.


You could see a hobgoblin (ally target), a friendly quokka (summoned) and a
friendly rat (summoned).

Vanquished Creatures (collateral kills)
  A dart slug (D:1)
  A hobgoblin (D:1)
2 creatures vanquished.

Notes
Turn   | Place    | Note
-------+----------+-------------------------------------------
     0 | D:1      | kingofthe the Merfolk Summoner began the quest for the Orb.
     0 | D:1      | Reached XP level 1. HP: 13/13 MP: 3/3
    42 | D:1      | Slain by a hobgoblin

Illustrated notes

Levels and vault maps discovered:
D:1:      minmay_arrival_stair_chambers, layout_rooms

Action                   || total
-------------------------++-------
Melee: Unarmed           ||    17
 Cast: Summon Small Mamm ||     3
Armor: Robe              ||     4
Dodge: Dodged            ||    10
